 Dungeon Crawl Stone Soup version 0.29-a0-418-gc0181ea820 (webtiles) character file.

Game seed: 7286986020129378510

120232 marklar909 the Warrior (level 16, -1/145 (147) HPs)
             Began as a Palentonga Abyssal Knight on May 16, 2022.
             Was a High Priest of Lugonu.
             Collided with a stone wall (11 damage)
             ... caused by a wretched star
             ... on level 1 of the Abyss on May 18, 2022.
             The game lasted 02:45:06 (48370 turns).

marklar909 the Warrior (Palentonga Abyssal Knight) Turns: 48370, Time: 02:45:07

HP:   -1/145 (147)  AC: 35    Str: 26    XL:     16   Next: 29%
MP:   19/19         EV: 15    Int: 14    God:    Lugonu [*****.]
Gold: 1657          SH:  0    Dex: 15    Spells: 19/20 levels left

rFire   . . .      SeeInvis +   S - +7 dire flail (holy)
rCold   + . .      Faith    .   (shield currently unavailable)
rNeg    . . .      Spirit   .   q - +1 acid dragon scales
rPois   +          Reflect  .   j - +2 helmet
rElec   .          Harm     .   H - +2 cloak
rCorr   +          Rampage  .   N - +0 pair of gloves "Louteuk" {rPois Int+4}
Will    +....      NoTele   +   J - +4 barding of the Ward {-Tele rF+ Str+5 Stlth+}
Stlth   ++........              (no amulet)
HPRegen 0.34/turn               V - +4 ring of evasion
MPRegen 0.16/turn               G - ring of ice

@: lightly drained, curled up
A: large, rugged brown scales 3, see invisible, deformed body, roll 1, armoured
tail, reflexive curl, [low MP 2]
a: Rolling Charge, Renounce Religion, Depart the Abyss, Bend Space, Banish,
Corrupt, Enter the Abyss


You were on level 1 of the Abyss.
You worshipped Lugonu.
Lugonu was extremely pleased with you.
You visited 5 branches of the dungeon, and saw 26 of its levels.
You visited the Abyss 2 times.

You collected 2236 gold pieces.
You spent 579 gold pieces at shops.

Inventory:

Hand Weapons
 b - a +4 dire flail of draining
 L - a +0 morningstar of protection
 S - a +7 dire flail of holy wrath (weapon)
Missiles
 d - 14 javelins
 g - 37 poisoned darts
 B - 8 curare-tipped darts
Armour
 j - a +2 helmet (worn)
 q - +1 acid dragon scales (worn)
 H - a +2 cloak (worn)
 J - the +4 barding of the Ward (worn) {-Tele rF+ Str+5 Stlth+}
   (You acquired it on level 2 of the Swamp)

   Str:       It affects your strength (+5).
   rF:        It protects you from fire.
   -Tele:     It prevents most forms of teleportation.
   Stlth:     It makes you more stealthy.
 N - the +0 pair of gloves "Louteuk" (worn) {rPois Int+4}
   (You found it on level 10 of the Dungeon)

   Int:       It affects your intelligence (+4).
   rPois:     It protects you from poison.
 O - +0 swamp dragon scales
 W - the +0 kite shield "Ecimaicw" {Harm Str+4 Int+2}
   (You took it off Donald on level 3 of the Swamp)

   Str:       It affects your strength (+4).
   Int:       It affects your intelligence (+2).
   Harm:      It increases damage dealt and taken.
 X - a +3 plate armour of fire resistance
Jewellery
 C - a ring of fire
 F - a +4 ring of protection
 G - a ring of ice (right hand)
 V - a +4 ring of evasion (left hand)
Wands
 y - a wand of acid (2)
 z - a wand of iceblast (1)
 A - a wand of polymorph (3)
 I - a wand of digging (11)
 Q - a wand of flame (10)
Scrolls
 a - 2 scrolls of amnesia
 e - 4 scrolls of fog
 k - a scroll of brand weapon
 o - 4 scrolls of magic mapping
 t - a scroll of torment
 v - 10 scrolls of teleportation
 K - 2 scrolls of enchant armour
 M - 2 scrolls of blinking
 T - 11 scrolls of identify
Potions
 c - 3 potions of magic
 h - 9 potions of curing
 i - 5 potions of mutation
 l - 7 potions of flight
 m - a potion of berserk rage
 n - 2 potions of resistance
 p - 7 potions of might
 r - 3 potions of haste
 u - a potion of heal wounds
 w - a potion of invisibility
 x - 3 potions of ambrosia
 D - 3 potions of attraction
 E - 2 potions of brilliance
 R - 2 potions of lignification
Miscellaneous
 s - a phial of floods (inert)
 U - a condenser vane (inert)


   Skills:
 * Level 15.8 Fighting
 + Level 1.0 Long Blades
 + Level 1.0(9.7) Axes
 + Level 14.9(15.0) Maces & Flails
 + Level 1.0(9.7) Staves
 + Level 0.7 Throwing
 * Level 11.2 Armour
 + Level 7.6 Dodging
 + Level 0.8 Shields
 + Level 1.0 Unarmed Combat
 + Level 2.6 Spellcasting
 + Level 0.8 Conjurations
 + Level 3.1 Hexes
 + Level 1.0 Necromancy
 + Level 2.8 Translocations
 + Level 2.3 Transmutations
 + Level 1.2 Earth Magic
 + Level 10.9 Invocations
 + Level 2.5 Evocations


You had 19 spell levels left.
You knew the following spells:

 Your Spells              Type           Power      Damage    Failure   Level
a - Apportation           Tloc           18%        N/A       9%          1

Your spell library contained the following spells:

 Spells                   Type           Power      Damage    Failure   Level
 Sting                    Tmut/Pois      20%        1d4       16%         1
 Shock                    Conj/Air       12%        1d3       22%         1
 Portal Projectile        Hex/Tloc       20%        N/A       22%         3
 Summon Small Mammal      Summ           4%         N/A       26%         1
 Poisonous Vapours        Pois/Air       2%         N/A       36%         2
 Summon Guardian Golem    Hex/Summ       6%         N/A       38%         3
 Ignite Poison            Fire/Tmut/Pois 4%         N/A       50%         3
 Mephitic Cloud           Conj/Pois/Air  2%         N/A       56%         3
 Call Canine Familiar     Summ           1%         N/A       61%         3
 Swiftness                Air            1%         N/A       61%         3
 Leda's Liquefaction      Hex/Erth       3%         N/A       71%         4
 Airstrike                Air            0%         N/A       95%         4
 Olgreb's Toxic Radiance  Pois           1%         N/A       95%         4
 Summon Ice Beast         Ice/Summ       2%         N/A       95%         4
 Blade Hands              Tmut           4%         N/A       95%         5
 Irradiate                Conj/Tmut      3%         3d14      98%         5
 Summon Mana Viper        Hex/Summ       6%         N/A       98%         5
 Alistair's Intoxication  Tmut/Pois      3%         N/A       99%         5
 Freezing Cloud           Conj/Ice/Air   1%         6-21      99%         5
 Lee's Rapid Deconstruct  Erth           2%         3d6*      99%         5
 Statue Form              Tmut/Erth      4%         N/A       100%        6
 Dragon Form              Tmut           4%         N/A       100%        7
 Monstrous Menagerie      Summ           0%         N/A       100%        7


Dungeon Overview and Level Annotations

Branches:
Dungeon (13/15)            Temple (1/1) D:7            Lair (6/6) D:9
  Swamp (4/4) Lair:3       Spider (0/4) Lair:4        Slime (0/5) Lair:6
    Orc (2/2) D:11            Elf (0/3) Orc:2        Vaults (0/5) D:13

Altars:
Ashenzari
Cheibriados
Dithmenos
Elyvilon
Fedhas
Gozag
Hepliaklqana
Kikubaaqudgha
Makhleb
Nemelex Xobeh
Okawaru
Qazlal
Ru
Sif Muna
Trog
Uskayaw
Vehumet
Wu Jian
Xom
Yredelemnul
Zin
The Shining One
Beogh

Shops:
D:3 *   D:4 ?[!?   D:8 [   D:12 *   Orc:1 ?!([:   Orc:2 !!*(?

Annotations:
D:6 3 runed translucent doors, domi's ghost, amateur DsWz
D:7 2 transporters, pyrow613's ghost, novice DgFi
D:8 1 runed translucent door, SirDiesAlot's ghost, novice DEFE
D:9 3 runed translucent doors
Lair:6 exclusion: 2 oklob plants
Orc:1 6 transporters
Abyss:1 Amaemon


Innate Abilities, Weirdness & Mutations

You are completely covered in rugged brown scales. (AC +3, +7% HP)
You have supernaturally acute eyesight. (SInv)
Armour fits poorly on your strangely shaped body.
You can roll at nearby foes to attack.
You have a long armoured tail.
You curl defensively after being hit. (AC +7*)
[Your magical capacity is very low. (-20% MP)]


Message History

Your +7 dire flail of holy wrath softly glows with a divine radiance!
S - a +7 dire flail of holy wrath (weapon)
The lich completely misses you.
You hit the lich.
The lich convulses.
You tail-slap the lich!
The lich is severely damaged.
You closely miss the lich.
The lich is severely damaged.
The lich touches you but does no damage.
You hit the lich.
The lich convulses.
You tail-slap the lich, but do no damage.
The lich is severely damaged.
The lich touches you.
* * * LOW HITPOINT WARNING * * *
You feel drained.
Unknown command.
You sock the lich!
The lich convulses.
You tail-slap the lich, but do no damage.
The lich is almost destroyed.
You sock the lich!
You destroy the lich!
That felt strangely unrewarding.
You puncture the wretched star! You tail-slap the wretched star!
The wretched star is almost destroyed.
The wretched star pulses with an eldritch light!
You feel less energetic. x2
Unknown command.
You feel better.
The wretched star glows turbulently.
The lance of force hits you but does no damage.
Unknown command.
You closely miss the wretched star. You tail-slap the wretched star!
The wretched star is almost destroyed.
You hit the wretched star.
The wretched star is almost destroyed.
The wretched star glows turbulently.
The lance of force hits you!
* * * LOW HITPOINT WARNING * * *
You are knocked back by the lance of force.
You slam into the stone wall!
You die...

#.#.# ## #
#.# #.. # #
.##.#
..#..## #. .
. ..#§#
.#... #..# #
# .#.# ##
#@# #.. . .#
# #.#.#### °
.## #
#.##.## ## #
.# #.*###.
... # ..
#...## ##..#
# # # #...
#* . ## .
#.###.....##
# .. . # .
..##.


You could see a wretched star.

Vanquished Creatures
  Jorgrun (Swamp:3)
  A lich (Abyss:1)
  Kirke (Lair:4)
  Roxanne (Swamp:4)
  Donald (Swamp:3)
  4 bunyips
  4 vault guards (D:13)
  8 hydras
  2 ogre magi (Orc:1)
  A catoblepas (D:10)
  A boulder beetle (D:11)
  6 centaur warriors
  2 alligators
  11 two-headed ogres
  8 death yaks
  A death knight (D:13)
  Nergalle (Lair:2)
  Sonja (Lair:1)
  2 deep trolls
  3 goliath frogs
  A death drake (Swamp:1)
  4 bog bodies
  4 spriggan druids
  3 swamp dragons
  Pikel (D:5)
  2 orc knights
  2 deep elf pyromancers (D:13)
  3 will-o-the-wisps
  An orc sorcerer (Orc:1)
  5 cyclopes
  An oklob plant (Lair:6)
  2 manticores
  3 elephants
  7 black mambas
  An orange demon (Lair:2)
  7 cane toads
  A gargoyle (D:12)
  2 rime drakes
  A freezing wraith (Abyss:1)
  6 komodo dragons
  12 trolls
  3 polar bears
  8 tyrant leeches
  19 hornets
  11 slime creatures
  22 blink frogs
  Grinder (D:3)
  2 dream sheep (Lair:6)
  Sigmund (D:3)
  24 spriggans
  2 wraiths (D:13)
  2 vampires
  A wyvern (Lair:4)
  25 yaks
  A steam dragon (D:7)
  Grum (D:11)
  3 basilisks
  A chaos spawn (Abyss:1)
  15 vampire mosquitoes
  Menkaure (D:7)
  9 swamp worms
  4 acid dragons
  9 water moccasins
  Duvessa (D:5)
  A floating eye (Lair:6)
  2 hell hounds (Lair:3)
  4 ice beasts
  10 orc warriors
  7 swamp drakes
  3 black bears (Lair:6)
  25 ogres
  4 boggarts (Lair:6)
  8 centaurs
  27 wolves
  3 lemures (D:6)
  2 kobold brigands
  3 necrophages
  Blork the orc (D:5)
  14 bullfrogs
  A gnoll sergeant (D:8)
  3 scorpions (D:6)
  4 wights (D:7)
  Dowan (D:5)
  6 killer bees (D:11)
  An electric eel (Lair:1)
  4 howler monkeys
  A lava snake (D:9)
  4 jellies
  5 hounds
  18 orc priests
  Crazy Yiuf (D:5)
  5 iguanas
  Jessica (D:3)
  A gnoll shaman (D:8)
  Ijyb (D:3)
  22 orc wizards
  A mummy (D:8)
  15 gnolls
  6 adders
  2 shadow imps (D:7)
  A worm (D:2)
  54 orcs
  4 endoplasms
  3 giant cockroaches
  8 goblins
  6 hobgoblins
  20 kobolds
  6 quokkas
  3 ball pythons
  A bat (D:1)
  3 frilled lizards
  A hobgoblin zombie (D:8)
  2 kobold zombies (D:8)
  An orc zombie (D:8)
  11 rats
  A spectral orc (D:9)
  A bush (Lair:6)
638 creatures vanquished.

Vanquished Creatures (others)
  A bloated husk (Swamp:4)
  A tyrant leech (Swamp:4)
  A demonic plant (D:1)
  14 foxfires
  32 fungi
  75 plants
124 creatures vanquished.

Grand Total: 762 creatures vanquished

Notes
Turn   | Place    | Note
-------+----------+-------------------------------------------
     0 | Abyss:1  | marklar909 the Palentonga Abyssal Knight began the quest
                  | for the Orb.
     0 | Abyss:1  | Reached XP level 1. HP: 19/19 MP: 2/2
    56 | D:1      | Escaped the Abyss
   376 | D:1      | Reached XP level 2. HP: 25/25 MP: 3/3
   404 | D:1      | Found a faded altar of an unknown god.
   404 | D:1      | Noticed a sixfirhy
   791 | D:1      | Reached skill level 1 in Dodging
  1309 | D:2      | Reached XP level 3. HP: 32/32 MP: 4/4
  1864 | D:3      | Noticed Ijyb
  1877 | D:3      | Killed Ijyb
  1878 | D:3      | Reached XP level 4. HP: 25/39 MP: 5/5
  1992 | D:3      | Noticed Sigmund
  2295 | D:3      | Reached *** piety under Lugonu
  2307 | D:3      | Found Ocadiff's General Store.
  2470 | D:3      | Noticed Jessica
  2658 | D:3      | Reached skill level 4 in Fighting
  2822 | D:3      | Killed Jessica
  2823 | D:3      | Reached XP level 5. HP: 44/44 MP: 6/6
  3203 | D:3      | Killed Sigmund
  3204 | D:3      | Reached XP level 6. HP: 43/52 MP: 8/8
  3340 | D:3      | Noticed Grinder
  3628 | D:4      | Found Tulurr's Magic Scroll Boutique.
  3639 | D:4      | Bought a scroll of identify for 22 gold pieces
  3639 | D:4      | Bought a scroll of identify for 22 gold pieces
  3653 | D:4      | Bought a scroll of fear for 38 gold pieces
  3653 | D:4      | Bought a scroll of poison for 38 gold pieces
  3868 | D:4      | Found Ovanofec's Distillery.
  4060 | D:4      | Gained mutation: You curl defensively after being hit. (AC
                  | +7*) [Palentonga growth]
  4060 | D:4      | Reached XP level 7. HP: 57/58 MP: 9/9
  4120 | D:4      | Found Napoej's Magic Scroll Shop.
  4160 | D:4      | Found Fekaun's Antique Armour Boutique.
  4369 | D:5      | Entered Level 5 of the Dungeon
  4663 | D:5      | Found a hide-covered altar of Uskayaw.
  4740 | D:5      | Reached skill level 5 in Fighting
  4740 | D:5      | Reached skill level 5 in Maces & Flails
  4776 | D:5      | Noticed Blork the orc
  4785 | D:5      | Killed Blork the orc
  5096 | D:5      | Noticed Duvessa
  5096 | D:5      | Noticed Dowan
  5139 | D:5      | Killed Duvessa
  5140 | D:5      | Reached XP level 8. HP: 66/66 MP: 11/11
  5151 | D:5      | Killed Dowan
  5231 | D:5      | Found a glowing silver altar of Zin.
  5282 | D:5      | Found a sparkling altar of Nemelex Xobeh.
  5439 | D:5      | Found a runed translucent door.
  5440 | D:5      | Noticed Crazy Yiuf
  5696 | D:5      | Killed Crazy Yiuf
  5697 | D:5      | Reached skill level 1 in Evocations
  6158 | D:3      | Killed Grinder
  6830 | D:6      | Noticed Pikel
  7467 | D:6      | Found a runed translucent gate.
  7467 | D:6      | Found a runed translucent gate.
  7467 | D:6      | Found an opulent altar of Gozag.
  7468 | D:6      | Found a runed translucent gate.
  7469 | D:6      | Noticed domi's ghost (amateur DsWz)
  7519 | D:6      | Reached skill level 5 in Armour
  7535 | D:6      | Noticed a hornet
  7540 | D:6      | Reached skill level 6 in Fighting
  7622 | D:6      | Reached skill level 5 in Invocations
  7792 | D:6      | Reached XP level 9. HP: 65/73 MP: 12/12
  7800 | D:6      | Reached **** piety under Lugonu
  8846 | D:7      | Found a staircase to the Ecumenical Temple.
  9133 | D:7      | Found a transporter.
  9139 | D:7      | Noticed a skeletal warrior
  9140 | D:7      | Noticed a two-headed ogre
  9140 | D:7      | Noticed pyrow613's ghost (novice DgFi)
  9147 | D:7      | Noticed a boulder beetle
  9441 | D:7      | Noticed Menkaure
  9445 | D:7      | Killed Menkaure
  9950 | D:7      | Found a transporter.
  9992 | D:7      | Reached skill level 7 in Fighting
 10671 | D:5      | Killed Pikel
 11165 | D:8      | Reached XP level 10. HP: 84/84 MP: 14/14
 11734 | D:8      | Found Aletuav's Antique Armour Shoppe.
 11809 | D:8      | Reached ***** piety under Lugonu
 12133 | D:8      | Found a runed translucent door.
 12133 | D:8      | Noticed a brown ugly thing
 12133 | D:8      | Noticed SirDiesAlot's ghost (novice DEFE)
 13354 | D:9      | Noticed a sun demon
 13425 | D:9      | Reached skill level 8 in Fighting
 13719 | D:9      | Found a staircase to the Lair.
 14044 | D:9      | Found a bloodstained altar of Trog.
 14108 | D:9      | Found a runed translucent gate.
 14108 | D:9      | Found a runed translucent gate.
 14108 | D:9      | Found a runed translucent gate.
 14109 | D:9      | Noticed a red ugly thing
 14109 | D:9      | Noticed a green ugly thing
 14109 | D:9      | Noticed a purple ugly thing
 14110 | D:9      | Noticed a white ugly thing
 14111 | D:9      | Noticed an anaconda
 14111 | D:9      | a snapping turtle changed into an anaconda
 14113 | D:9      | Noticed a glowing shapeshifter
 14113 | D:9      | an anaconda changed into a glowing shapeshifter
 14113 | D:9      | Noticed a purple ugly thing
 14150 | D:9      | Noticed a cyclops
 14167 | D:10     | Entered Level 10 of the Dungeon
 14213 | D:9      | Upgraded the game from 0.29-a0-416-g83a48905f1 to
                  | 0.29-a0-418-gc0181ea820
 14506 | D:9      | Found a basalt altar of Yredelemnul.
 14569 | D:9      | Found a faded altar of an unknown god.
 14570 | D:9      | Found a faded altar of an unknown god.
 14599 | D:9      | Killed a cyclops
 14819 | D:9      | Found a faded altar of an unknown god.
 14822 | D:9      | Found a hazy altar of Hepliaklqana.
 14822 | D:9      | Found a faded altar of an unknown god.
 14933 | D:4      | Bought a pitted scale mail for 279 gold pieces
 14933 | D:4      | Identified the +1 scale mail "Evelio" {-Cast Harm rCorr
                  | Str-3} (You bought it in a shop on level 4 of the Dungeon)
 15131 | D:9      | Noticed a harpy
 15137 | D:9      | a harpy changed into a black bear
 15202 | Temple   | Entered the Ecumenical Temple
 15477 | Lair:1   | Entered Level 1 of the Lair of Beasts
 15477 | Lair:1   | Noticed a cane toad
 15491 | D:9      | Banished a cane toad
 16200 | Lair:1   | Noticed Sonja
 16228 | Lair:1   | Killed Sonja
 16693 | Lair:2   | Noticed Amaemon
 16695 | Lair:2   | Noticed an orange demon
 16697 | Lair:2   | Banished Amaemon
 16698 | Lair:2   | Reached XP level 11. HP: 93/93 MP: 7/16
 17802 | Lair:2   | Reached skill level 9 in Fighting
 20239 | Lair:2   | Noticed a six-headed hydra
 20665 | Lair:1   | Reached skill level 10 in Maces & Flails
 20784 | D:10     | Found an ancient bone altar of Kikubaaqudgha.
 20923 | D:10     | Identified the +0 pair of gloves "Louteuk" {rPois Int+4}
 21207 | D:10     | Noticed a catoblepas
 21247 | D:10     | Killed a catoblepas
 21511 | D:10     | Found a radiant altar of Vehumet.
 21578 | D:10     | Paralysed by a hornet for 1 turns
 21583 | D:10     | Reached skill level 10 in Fighting
 22228 | D:10     | Reached XP level 12. HP: 51/103 MP: 18/18
 22733 | D:11     | Noticed a two-headed ogre
 22757 | D:10     | Killed a two-headed ogre
 23046 | D:11     | Found a staircase to the Orcish Mines.
 23408 | D:11     | Noticed a boulder beetle
 23442 | D:11     | Killed a boulder beetle
 23890 | D:11     | Noticed Grum
 23906 | D:11     | Killed Grum
 24586 | Lair:2   | Noticed Nergalle
 25691 | Lair:2   | Killed Nergalle
 25799 | Lair:2   | Killed a six-headed hydra
 25800 | Lair:2   | Reached skill level 5 in Dodging
 26001 | Lair:3   | Noticed a death yak
 26002 | Lair:3   | Noticed a death yak
 26004 | Lair:3   | Noticed a death yak
 26380 | Lair:3   | Killed a death yak
 26393 | Lair:3   | Killed a death yak
 26800 | Lair:3   | Found a staircase to the Swamp.
 26859 | Lair:3   | Reached skill level 11 in Fighting
 26915 | Lair:3   | Noticed an eight-headed hydra
 26918 | Lair:3   | Banished an eight-headed hydra
 27089 | Lair:3   | Reached skill level 10 in Invocations
 27319 | Lair:2   | Killed a death yak
 27870 | Lair:4   | Noticed a five-headed hydra
 27876 | Lair:4   | Killed a five-headed hydra
 28357 | Lair:4   | Reached XP level 13. HP: 113/113 MP: 20/20
 29602 | Lair:4   | Reached skill level 1 in Long Blades
 29602 | Lair:4   | Reached skill level 1 in Axes
 29602 | Lair:4   | Reached skill level 1 in Staves
 29602 | Lair:4   | Reached skill level 1 in Unarmed Combat
 29602 | Lair:4   | Reached skill level 1 in Hexes
 29602 | Lair:4   | Reached skill level 1 in Necromancy
 29602 | Lair:4   | Reached skill level 1 in Translocations
 29602 | Lair:4   | Reached skill level 1 in Transmutations
 29602 | Lair:4   | Reached skill level 1 in Earth Magic
 29602 | Lair:4   | Reached XP level 14. HP: 118/121 MP: 21/21
 29641 | Lair:4   | Reached skill level 12 in Fighting
 29856 | Lair:4   | Found a hole to the Spider Nest.
 30381 | Lair:4   | Noticed Kirke
 30401 | Lair:4   | Killed Kirke
 30692 | Lair:5   | Reached skill level 10 in Armour
 31124 | Lair:5   | You fall into a shaft and drop 1 floor!
 31124 | Lair:6   | Entered Level 6 of the Lair of Beasts
 31130 | Lair:6   | Found a staircase to the Slime Pits.
 32051 | Lair:6   | Paralysed by a hornet for 1 turns
 32242 | Lair:6   | Paralysed by a floating eye for 4 turns
 32387 | Lair:6   | Identified the +2 robe of the Leaf {-Cast SInv Stlth+}
 33528 | Lair:6   | Reached skill level 13 in Fighting
 33699 | Lair:6   | Identified the +1 helmet of Egauve {SInv}
 35700 | D:12     | Found Neczauceu's General Store.
 35708 | D:12     | Bought a scroll of teleportation for 42 gold pieces
 37280 | D:13     | Reached XP level 15. HP: 83/132 MP: 23/23
 37563 | D:13     | Found a gate to the Vaults.
 38930 | D:13     | Reached skill level 14 in Fighting
 39121 | Orc:1    | Entered Level 1 of the Orcish Mines
 39121 | Orc:1    | Found Eneipn's Weapon Shop.
 39325 | Orc:1    | Found Nuontoc's Book Shop.
 39331 | Orc:1    | Found Kudworch's Antique Armour Boutique.
 39488 | Orc:1    | Found Wumaoqel's Magic Scroll Shoppe.
 39498 | Orc:1    | Found a transporter.
 39498 | Orc:1    | Noticed a juggernaut
 39499 | Orc:1    | Found a transporter.
 39500 | Orc:1    | Found a transporter.
 39500 | Orc:1    | Found a sparkling altar of Nemelex Xobeh.
 39504 | Orc:1    | Found a transporter.
 39521 | Orc:1    | Found a transporter.
 39524 | Orc:1    | Found a transporter.
 39564 | Orc:1    | Found Vuseeq's Distillery.
 39572 | Orc:1    | Bought 2 potions of curing for 96 gold pieces
 39699 | Orc:2    | Entered Level 2 of the Orcish Mines
 39826 | Orc:2    | Found Tesa Kism's Distillery.
 40993 | Orc:2    | Paralysed by an ogre mage for 2 turns
 41631 | Orc:2    | Found Seklaxko's Assorted Antiques.
 41650 | Orc:2    | Found Zieqosah's Magic Scroll Shop.
 41833 | Orc:2    | Found Qouwae's Distillery.
 41842 | Orc:2    | Found Roxtei's Antique Weapon Shoppe.
 41864 | Orc:2    | Bought a scroll labelled GUSIOSINLE for 42 gold pieces
 42025 | Orc:2    | Found a staircase to the Elven Halls.
 42639 | Swamp:1  | Entered Level 1 of the Swamp
 43034 | Swamp:1  | Reached skill level 15 in Fighting
 43323 | Swamp:1  | Reached skill level 1 in Spellcasting
 43325 | Swamp:1  | Learned a level 1 spell: Apportation
 43853 | Swamp:2  | Reached ****** piety under Lugonu
 44361 | Swamp:2  | Identified a scroll of acquirement
 44461 | Swamp:2  | Acquired the +4 barding of the Ward {-Tele rF+ Str+5
                  | Stlth+}
 45016 | Swamp:3  | Noticed Jorgrun
 45044 | Swamp:3  | Reached XP level 16. HP: 47/145 MP: 24/24
 45049 | Swamp:3  | Killed Jorgrun
 45958 | Swamp:3  | Identified the +0 kite shield "Ecimaicw" {Harm Str+4 Int+2}
 45958 | Swamp:3  | Noticed Donald
 46308 | Swamp:3  | Killed Donald
 46806 | Swamp:4  | Entered Level 4 of the Swamp
 47672 | Swamp:4  | Noticed Roxanne
 48167 | Swamp:4  | Killed Roxanne
 48346 | Abyss:1  | Noticed a lich
 48366 | Abyss:1  | Killed a lich
 48370 | Abyss:1  | Collided with a stone wall

Illustrated notes

Levels and vault maps discovered:
D:1:      amcnicky_arrival_gap_in_the_tavern_cellar, layout_basic,
          dreamdust_ecumenical_altar_sealed_demon
D:2:      layout_rooms
D:3:      cheibrodos_thug_alley, layout_basic, serial_shops, shop, uniq_ijyb,
          uniq_sigmund, uniq_jessica, uniq_grinder
D:4:      cheibrodos_quashed, layout_rooms, serial_shops, shop, shop_fountains,
          nicolae_shop_overgrown_old_shop, nicolae_shop_behind_doors
D:5:      layout_basic, nemelex_xobeh_ov_fountains_minmay,
          nicolae_uskayaw_murder_on_the_dancefloor, zin_statuary,
          chequers_arboretum, uniq_crazy_yiuf_cottage, uniq_blork_the_orc,
          uniq_duvessa
D:6:      layout_basic, ebering_ghost_gozag, amcnicky_mini_corridor_feature,
          uniq_pikel
D:7:      layout_basic, temple_pool_b, nzn_ghost_randoct, uniq_menkaure
D:8:      layout_layer_cave, ebering_ghost_inner_flame, serial_shops,
          kennysheep_mini, minmay_mini_ossuary
D:9:      layout_big_octagon, yredelemnul_forgotten_temple_becter,
          nicolae_hepliaklqana_ecumenical_no_more, mainiacjoe_overflow_paths,
          lair_entry_dummy, ploomutoo_gammafunk_ghost_potion_laboratory,
          minmay_misc_feat_tiny
D:10:     layout_irregular_city, kennysheep_mini_moat, vehumet_altar_wand_db,
          chequers_serial_rivers_room_b, eino_tiny_chamber
D:11:     layout_long_grid, david_orc_3, uniq_grum
D:12:     layout_grid_maze, serial_shops, shop
D:13:     layout_basic, lightli_vaults_fourway_checkpoint
Temple:   eino_temple_water
Lair:1:   layout_gridlike, minivault_19, infiniplex_staircase_pool, uniq_sonja
Lair:2:   layout_gridlike, hangedman_lair_unloving_vines, grunt_megastairs_3,
          uniq_amaemon, uniq_nergalle
Lair:3:   layout_regular_city, swamp_mist_pool, enter_volcano_3
Lair:4:   layout_concentric_octagons, dummy_spider_entry, beast_lair_carwin_2,
          lemuel_fruit_tree, uniq_kirke
Lair:5:   layout_misc_corridors, grunt_megastairs_2, serial_bayou_shore_a
Lair:6:   minmay_lair_end_enchanted_forest, layout_hall_layers,
          minmay_slime_entry_pillars, minmay_lair_oklob_items, disabler_island
Swamp:1:  layout_basic_swamp, evilmike_swamp_ruin_house_3, swamp_pool4,
          hangedman_swamp_blocks, nicolae_swamp_drake_lake
Swamp:2:  layout_basic_swamp, evilmike_swamp_ruin_house_2
Swamp:3:  nicolae_swamp_decorative_isthmus, layout_basic_swamp,
          nicolae_swamp_very_dense_foliage, uniq_jorgrun, uniq_donald
Swamp:4:  swamp_basic_johnstein, layout_basic_swamp, uniq_roxanne
Orc:1:    layout_caves, serial_shops, shop, shop, shop, shop_fountains,
          nicolae_shop_crystal, hellmonk_jugg_or_not
Orc:2:    st_orc_open, layout_caves, serial_shops, shop_statue, basic_altar,
          mines1_david
Abyss:1:  base: Temple, base: Temple, base:
Spider:3

Skill      XL: |  1  2  3  4  5  6  7  8  9 10 11 12 13 14 15 16 |
---------------+-------------------------------------------------+-----
Dodging        | 1 2 3 4 5 6 7 |  7.6
Maces & Flails | 3 4 5 6 8 9 10 11 13 14 | 14.9
Armour         | 2 3 4 5 6 7 8 9 10 11 | 11.2
Fighting       | 4 5 6 7 8 10 11 13 15 | 15.8
Invocations    | 3 4 5 6 7 9 10 | 10.9
Evocations     | 1 2 |  2.5
Long Blades    | 1 |  1.0
Axes           | 1 |  1.0
Staves         | 1 |  1.0
Unarmed Combat | 1 |  1.0
Hexes          | 1 2 3 |  3.1
Necromancy     | 1 |  1.0
Translocations | 1 2 |  2.8
Transmutations | 1 2 |  2.3
Earth Magic    | 1 |  1.2
Spellcasting   | 1 2 |  2.6
Throwing       | |  0.7
Shields        | |  0.8
Conjurations   | |  0.8

Action                   |  1- 3 |  4- 6 |  7- 9 | 10-12 | 13-15 | 16-18 || total
-------------------------+-------+-------+-------+-------+-------+-------++-------
Melee: Mace              |   101 |   127 |   250 |       |       |       ||   478
       Tailslap          |     6 |    16 |    79 |   169 |   253 |    39 ||   562
       Punch             |     1 |       |    11 |    10 |       |       ||    22
       Flail             |       |       |   163 |   251 |       |       ||   414
       Whip              |       |       |       |   497 |       |       ||   497
       Dire flail        |       |       |       |   250 |  1230 |   216 ||  1696
Throw: Dart              |       |       |       |     3 |       |       ||     3
Invok: Bend Space        |       |       |     3 |    18 |     9 |    19 ||    49
       Banish            |       |       |       |     8 |       |       ||     8
       Enter the Abyss   |       |       |       |       |       |     1 ||     1
 Abil: Rolling Charge    |     4 |    13 |    30 |    64 |    37 |     8 ||   156
Evoke: Wand              |       |    10 |    21 |       |     4 |     7 ||    42
       Condenser vane    |       |       |       |       |     1 |       ||     1
       Phial of floods   |       |       |       |       |       |     1 ||     1
  Use: Scroll            |     2 |     4 |    14 |    15 |    10 |     2 ||    47
       Potion            |       |       |     2 |     4 |     5 |     3 ||    14
 Stab: Paralysed         |       |       |    29 |       |       |       ||    29
       Invisible         |       |       |     1 |       |       |       ||     1
       Distracted        |       |       |       |       |       |     1 ||     1
       Sleeping          |       |       |       |       |       |     1 ||     1
Armor: Leather armour    |    37 |       |       |       |       |       ||    37
       Ring mail         |       |    71 |   170 |   140 |       |       ||   381
       Acid dragon scale |       |       |       |   370 |   543 |   114 ||  1027
Dodge: Dodged            |    58 |    84 |   151 |   422 |   698 |   138 ||  1551

Table legend: (Time is in decaauts)
 A = Elapsed time spent in this place.
 B = Non-inter-level travel time spent in this place.
 C = Inter-level travel time spent in this place.
 D = Time resting spent in this place.
 E = Time spent auto-exploring this place.
 F = Levels seen in this place.
 G = Mean time per level.
                   A        B        C        D        E       F      G
               +--------+--------+--------+--------+--------+-----+--------+
         Total |  48159 |  41330 |   6829 |  19660 |  14901 |  28 | 1720.0 |
       Dungeon |  25178 |  20879 |   4299 |   9488 |   7856 |  13 | 1936.8 |
        Temple |    219 |    204 |     15 |      0 |    193 |   1 |  219.0 |
          Lair |  13984 |  12639 |   1345 |   6651 |   4122 |   6 | 2330.7 |
         Swamp |   5624 |   4873 |    751 |   2438 |   1768 |   4 | 1406.0 |
  Orcish Mines |   3035 |   2617 |    418 |   1083 |    961 |   2 | 1517.5 |
         Abyss |    117 |    117 |      0 |      0 |      0 |   2 |   58.5 |
               +--------+--------+--------+--------+--------+-----+--------+

Top non-repeatable levels by time:
  Lair:1: 3183 daAuts
     D:9: 3103 daAuts
  Lair:2: 3015 daAuts
     D:8: 2708 daAuts
    D:12: 2626 daAuts
 Swamp:3: 2338 daAuts
     D:5: 2218 daAuts
     D:3: 2197 daAuts
     D:6: 2154 daAuts
  Lair:6: 2125 daAuts
  Lair:3: 2102 daAuts
    D:10: 2042 daAuts
  Lair:4: 1880 daAuts
    D:11: 1839 daAuts
  Lair:5: 1677 daAuts
